 Dungeon Crawl Stone Soup version 0.19.4-8-ga85b6b9 (webtiles) character file.

129 Lennu the Shield-Bearer (level 4, -1/54 HPs)
             Began as a Demonspawn Fighter on Feb 9, 2017.
             Slain by Grinder (5 damage)
             ... on level 3 of the Dungeon.
             The game lasted 00:05:07 (2451 turns).

Lennu the Shield-Bearer (Demonspawn Fighter)        Turns: 2451, Time: 00:05:08

Health: -1/54      AC:  7    Str: 21    XL:     4   Next: 88%
Magic:  4/4        EV:  8    Int: 10    God:
Gold:   119        SH:  9    Dex: 13    Spells: 0 memorised, 3 levels left

rFire  . . .     SeeInvis .     a - +0 long sword
rCold  . . .     Gourm    .     b - +0 scale mail
rNeg   . . .     Faith    .     c - +0 shield
rPois  +         Spirit   .     (no helmet)
rElec  .         Reflect  .     e - +0 cloak
rCorr  .         Harm     .     (no gloves)
MR     .....                    (no boots)
Stlth  ..........               (no amulet)
                                (no ring)
                                k - ring of poison resistance

@: mighty, berserking, very quick
A: hooves 1
a: no special abilities


You were on level 3 of the Dungeon.
You were not hungry.

You visited 1 branch of the dungeon, and saw 3 of its levels.

You collected 119 gold pieces.

Inventory:

Hand Weapons
 a - a +0 long sword (weapon)
Armour
 b - a +0 scale mail (worn)
 c - a +0 shield (worn)
 e - a +0 cloak (worn)
Jewellery
 k - a ring of poison resistance (left hand)
Scrolls
 g - 2 scrolls of teleportation {unknown}
 h - a scroll of noise {unknown}
 i - 5 scrolls of identify {unknown}
 o - a scroll of magic mapping {unknown}
 q - a scroll of fog {unknown}
 t - a scroll of remove curse {unknown}
Potions
 j - a potion of curing
 m - a potion of degeneration {unknown}
 n - a potion of mutation {unknown}
 s - a potion of flight {unknown}
Comestibles
 f - 2 bread rations
 p - 3 fruits
 r - 4 chunks of flesh
 u - a slice of pizza


   Skills:
 * Level 3.6 Fighting
 * Level 2.4 Long Blades
 * Level 3.1 Armour
 * Level 1.3 Dodging
 * Level 3.7 Shields


You had 3 spell levels left.
You didn't know any spells.

Dungeon Overview and Level Annotations

Branches:
Dungeon (3/15)

Altars:
The Shining One

Annotations:
D:3 Grinder


Innate Abilities, Weirdness & Mutations

You have large cloven feet.


Message History

You can move again.
You feel very mighty all of a sudden. Grinder gestures at you.
Pain shoots through your body!
* * * LOW HITPOINT WARNING * * *
It was a potion of curing.
You feel better. Grinder hits you.
* * * LOW HITPOINT WARNING * * *
You writhe in agony.
* * * LOW HITPOINT WARNING * * *
It was a potion of berserk rage.
A red film seems to cover your vision as you go berserk!
You feel yourself moving faster!
You feel mighty! You block Grinder's attack.
You are too berserk!
You slash Grinder!
Grinder is moderately wounded.
Your shield and scale mail prevent you from hitting Grinder.
Your kick misses Grinder.
Grinder is moderately wounded.
Grinder hits you.
You die...

#... #. #.# #...# .#.# #.# #...#
.#.# #.# #...# .#.# #.# #...####
...######## ... #...#...
...##.....# #.#########....###
....#.....#### #5................
.............###@#...............
..†.#.)..)##.#...................
...##.....##.#.#..#.######....###
..##########.#.#..#.# #...#...
......# #.......#.# #...####
#####.# ##.#.####.# #...#
#####.## ###.####.# #...#
#......# #......### #...#
....#..# #.##.....####...#


You could see Grinder.

Vanquished Creatures
  3 adders
  2 oozes
  3 worms (D:2)
  3 dart slugs
  4 leopard geckos
  4 orcs
  A ball python (D:3)
  8 bats
  3 giant cockroaches
  A goblin (D:2)
  9 hobgoblins
  10 jackals
  3 quokkas (D:2)
  A frilled lizard (D:3)
  7 kobolds
  4 rats (D:1)
66 creatures vanquished.

Notes
Turn   | Place    | Note
-------+----------+-------------------------------------------
     0 | D:1      | Lennu the Demonspawn Fighter began the quest for the Orb.
     0 | D:1      | Reached XP level 1. HP: 18/18 MP: 1/1
   121 | D:1      | Gained mutation: You have large cloven feet. [demonic ancestry]
   121 | D:1      | Reached XP level 2. HP: 20/24 MP: 2/2
   446 | D:1      | Reached XP level 3. HP: 18/29 MP: 3/3
  1055 | D:2      | Found a glowing golden altar of the Shining One.
  1486 | D:2      | Found a faded altar of an unknown god.
  1600 | D:2      | Reached skill level 1 in Dodging
  1600 | D:2      | Reached XP level 4. HP: 31/35 MP: 4/4
  2427 | D:3      | Noticed Grinder
  2442 | D:3      | Paralysed by Grinder for 5 turns
  2451 | D:3      | Slain by Grinder

Skill      XL: |  1  2  3 |
---------------+----------+-----
Shields        | 3 |  3.7
Long Blades    | 2 |  2.4
Armour         | 3 |  3.1
Dodging        | 1 |  1.3
Fighting       | |  3.6

Action                   |  1- 3 |  4- 6 || total
-------------------------+-------+-------++-------
Melee: Long sword        |   128 |   101 ||   229
       Kick              |    18 |    24 ||    42
  Use: Potion            |       |     3 ||     3
  Eat: Chunk             |     2 |     1 ||     3
       Meat ration       |       |     1 ||     1
Armor: Scale mail        |    75 |    54 ||   129
Dodge: Dodged            |    35 |    32 ||    67
Block: Shield            |    53 |    54 ||   107
       Rpst.: Long sword |     7 |    15 ||    22
